AoeStats
← Cuando florezca el Chuño

Lombardia

508566826Analyzed
3v3 RM · 8d ago on Sep 23, 2026· 52m 23s· 6 players
Game mode
Random Map
Map size
Normal (6 player)
Population
200
Speed
Normal
Resources
Standard
Victory
Conquest
Starting age
Dark Age
Ending age
Imperial Age
RankedLock teamsTeams togetherTeam positionsShared explorationLock speedFull tech treeHidden civsTurbo modeCheats
Victory
Defeat
🇦🇷 Mongols · Argentina
1280
+11
🇦🇷 Gurjaras · Argentina
1231
+13
🇦🇷 Varangians · Argentina
1221
+13
🇺🇸 Varangians · United States
1213
-15
🇺🇸 Danes · United States
1151
-12
🇺🇸 Franks · United States
1104
-10
JIMBO
7:12 Loom
11:03 Feudal Age
11:38 Double-Bit Axe
18:05 Castle Age
17:40 Fletching
18:05 Gold Mining
18:07 Stone Mining
19:19 Bodkin Arrow
24:44 Husbandry
25:22 Ballistics
27:41 Padded Archer Armor
28:34 Bow Saw
31:02 Ordonnance Companies
33:40 Wheelbarrow
36:10 Imperial Age
35:23 Leather Archer Armor
35:51 Hand Cart
36:19 Cranequins
37:21 Heavy Mounted Crossbowman
40:18 Chemistry
38:46 Cavalier
39:35 Scale Barding Armor
39:40 Forging
42:51 Chain Barding Armor
43:06 Iron Casting
43:56 Conscription
43:40 Paladin
Arender_98
8:18 Loom
10:31 Feudal Age
12:30 Bloodlines
12:37 Double-Bit Axe
14:21 Horse Collar
21:18 Castle Age
19:36 Scale Barding Armor
19:46 Forging
19:49 Scale Barding Armor
21:56 Wheelbarrow
23:08 Husbandry
23:29 Town Watch
23:56 Heavy Plow
24:08 Bow Saw
27:49 Chain Barding Armor
28:12 Iron Casting
27:27 Fletching
27:32 Gold Mining
28:14 Stone Mining
34:06 Hand Cart
40:53 Imperial Age
37:54 Vendel Legacy
41:13 Cavalier
42:18 Conscription
42:34 Plate Barding Armor
43:12 Blast Furnace
43:23 Bodkin Arrow
47:33 Crop Rotation
48:05 Two-Man Saw
50:36 Padded Archer Armor
50:37 Bracer
50:37 Scale Mail Armor
52:11 Chemistry
51:38 Ballistics
51:42 Leather Archer Armor
50:57 Pikeman
51:38 Squires
51:24 Arson
51:24 Elite Skirmisher
51:37 Halberdier
Dolisaurus
6:18 Loom
7:49 Loom
11:33 Feudal Age
23:49 Castle Age
22:48 Scale Mail Armor
24:35 Forging
24:20 Double-Bit Axe
25:46 Squires
28:53 Pikeman
34:02 Chain Mail Armor
35:51 Iron Casting
35:38 Bow Saw
36:30 Wheelbarrow
40:53 Imperial Age
41:08 Halberdier
41:50 Onager
43:44 Chemistry
43:11 Fletching
44:22 Blast Furnace
46:54 Bodkin Arrow
48:53 Ballistics
Ibz1
11:03 Feudal Age
9:21 Loom
11:06 Feudal Age
10:51 Loom
16:18 Castle Age
14:48 Double-Bit Axe
15:09 Horse Collar
17:54 Bow Saw
18:21 Heavy Plow
25:44 Husbandry
25:51 Scale Barding Armor
25:56 Stone Mining
25:58 Gold Mining
27:05 Bloodlines
28:04 Wheelbarrow
28:01 Chain Barding Armor
29:22 Town Watch
33:50 Imperial Age
31:38 Hand Cart
31:48 Hand Cart
33:02 Gold Shaft Mining
33:25 Kshatriyas
34:23 Forging
33:58 Elite Shrivamsha Rider
34:01 Heavy Camel Rider
35:18 Plate Barding Armor
35:05 Conscription
36:05 Iron Casting
36:20 Crop Rotation
36:41 Stone Shaft Mining
39:31 Fletching
47:03 Frontier Guards
50:29 Chemistry
49:50 Ballistics
50:31 Herbal Medicine
JPA.Cooke
7:11 Loom
9:44 Feudal Age
10:41 Double-Bit Axe
12:51 Horse Collar
13:22 Bloodlines
15:34 Scale Barding Armor
21:48 Castle Age
19:50 Gold Mining
20:59 Forging
23:00 Chain Barding Armor
23:16 Iron Casting
22:44 Husbandry
27:38 Wheelbarrow
26:49 Town Watch
27:16 Light Cavalry
34:56 Heavy Plow
38:36 Imperial Age
36:23 Vendel Legacy
38:20 Hand Cart
38:05 Town Patrol
38:39 Cavalier
39:55 Plate Barding Armor
41:23 Stone Mining
42:16 Masonry
42:27 Ballistics
43:07 Chemistry
41:59 Fletching
42:03 Treadmill Crane
42:34 Siege Engineers
43:30 Chemistry
43:45 Ballistics
43:29 Town Patrol
43:27 Bodkin Arrow
45:05 Blast Furnace
45:50 Bodkin Arrow
45:55 Scale Mail Armor
45:37 Gothikon
46:38 Conscription
47:37 Chain Mail Armor
48:29 Conscription
47:50 Elite Jarl
50:41 Capped Ram
51:34 Siege Ram
Cuando florezca el Chuño
5:20 Loom
8:30 Feudal Age
8:59 Double-Bit Axe
11:44 Forging
21:13 Fletching
21:17 Stone Mining
23:39 Castle Age
22:45 Town Watch
24:49 Bodkin Arrow
27:01 Bow Saw
27:46 Horse Collar
29:31 Ballistics
29:25 Husbandry
31:16 Gold Mining
31:52 Padded Archer Armor
34:26 Thumb Ring
35:56 Heavy Plow
39:02 Wheelbarrow
39:13 Gold Shaft Mining
40:12 Leather Archer Armor
40:14 Bloodlines
41:12 Hand Cart
45:18 Imperial Age
44:00 Stone Shaft Mining
46:16 Nomads
46:17 Bracer
45:40 Elite Mangudai
47:20 Parthian Tactics
48:17 Chemistry
49:47 Siege Engineers
49:52 Masonry
50:28 Conscription
51:41 Drill
Connection lost

Rejoining the realm…

Still unreachable

The connection could not be restored.

Session expired

The server has moved on; the page needs a fresh start.